 Dungeon Crawl Stone Soup version 0.17.1-1-g73c8601 (webtiles) character file.

44 Implojin the Ruffian (level 3, 0/36 HPs)
             Began as a Troll Fighter on Apr 4, 2016.
             Slain by an ogre
             ... wielding a +0 giant club
              (20 damage)
             ... on level 4 of the Dungeon.
             The game lasted 00:02:38 (417 turns).

Implojin the Ruffian (Troll Fighter)                 Turns: 417, Time: 00:02:38

Health: 0/36       AC:  5    Str: 29    XL:     3   Next: 39%
Magic:  2/2        EV:  8    Int:  4    God:
Gold:   27         SH:  9    Dex: 10    Spells: 0 memorised, 2 levels left

rFire  . . .     SeeInvis .       - Unarmed
rCold  . . .     Clarity  .     a - +0 robe
rNeg   . . .     SustAt   .     b - +0 shield
rPois  .         Gourm    +     (helmet restricted)
rElec  .         Spirit   .     (no cloak)
rCorr  .         Warding  .     (gloves unavailable)
rMut   .         Stasis   .     (boots unavailable)
MR     .....                    (no amulet)
Stlth  +.........               (no ring)
                                (no ring)

@: mighty, not resistant to hostile enchantments, very unstealthy
A: unfitting armour, claws 3, fast metabolism 3, gourmand, regeneration 2,
shaggy fur 1, tough skin 2
a: no special abilities


You were on level 4 of the Dungeon.
You were not hungry.

You visited 1 branch of the dungeon, and saw 4 of its levels.

You collected 27 gold pieces.

Inventory:

Missiles
 i - 4 curare-tipped needles
Armour
 a - a +0 robe (worn)
 b - a +0 shield (worn)
Scrolls
 e - a scroll of magic mapping
 f - a scroll of fear {unknown}
 g - a scroll of teleportation
 j - a scroll of remove curse {unknown}
Comestibles
 d - 2 bread rations
 h - a meat ration


   Skills:
 - Level 2.4 Fighting
 - Level 2.4 Dodging
 - Level 2.4 Shields
 * Level 3.8 Unarmed Combat


You had 2 spell levels left.
You didn't know any spells.

Dungeon Overview and Level Annotations

Branches:
Dungeon (4/15)
 Temple: D:4-7

Altars:
Trog

Annotations:
D:4 Implojin's ghost, weakling TrFi


Innate Abilities, Weirdness & Mutations

You are too large for most types of armour.
You have claws for hands.
Your metabolism is lightning-fast.
You like to eat raw meat.
You heal very quickly.
You are covered in fur (AC +1).
You have very tough skin (AC +2).


Message History

You feel aware of your surroundings.
You sensed 2 altars.
It was a scroll of magic mapping.
Unknown command.
Your surroundings suddenly seem different.
A giant gecko comes into view.
Found a stone staircase leading up.
You closely miss the giant gecko.
The giant gecko bites you but does no damage.
You scratch the giant gecko.
You kill the giant gecko!
Found a runed dagger.
Found a bloodstained altar of Trog.
There is a bloodstained altar of Trog here.
Things that are here:
a runed dagger; an animal skin An ogre comes into view.
It is wielding a giant club.
The ogre shouts!
Drink which item? (? for menu, Esc to quit)
Okay, then.
Found a scroll labeled QIFFOP VIOPU.
You claw the ogre!
The ogre is heavily wounded.
The ogre hits you with a giant club!!
Ouch! That really hurt!
* * * LOW HITPOINT WARNING * * *
Implojin's ghost (weakling Troll Fighter) comes into view.
Implojin's ghost turns its malevolent gaze towards you.
A hound comes into view.
There is an open door here.
An ogre comes into view. It is wielding a giant club.
The ogre shouts!
Drink which item? (? for menu, Esc to quit)
You feel very mighty all of a sudden. The ogre closely misses you.
Unknown command.
Unknown command.
You claw the ogre!
The ogre is almost dead.
The ogre hits you with a giant club!!
Ouch! That really hurt!
You die...

,,,,,*,,,,,,,#...h...,,,,*,,,,,,,
,,,,,*,,,,,,,#.......,,,,*,,,,,,,
,,,,,##+###+##.W....,,,,,********
*+***#............#****,,,,,****,
+,,,,+............#,,,*,,,,,*,,*,
*,,,,#............#,,,+,,,,,+,,*,
***,,#............#,,.#,,,,,*+**,
***,>#....####'####...##+**,,,,,,
,*,,,#....#....O@O......,,+,,,,,,
,*,,,#....#.............,,*,,,,,,
####+#....#########...##***,,,,,,
........###,,*******#+#*,,,,,,,**
........#,,,,*,,,,,,,,,*,,,,,,,+,
........#,,,,*,,,,,,,,,*,,,,,,,*,
........#,,,,**,,,,,,,,*,,,,,,,*,
........#,,,,**,,**,,,,*,,,,,,,*,
#####+###,,,,**,,**,,,,*,,,,,,,*,


You could see 2 ogres.

Vanquished Creatures
  2 adders (D:3)
  A worm (D:2)
  2 giant geckos
  2 orcs
  A goblin (D:1)
  2 hobgoblins (D:3)
  4 jackals (D:2)
  3 giant newts
  3 kobolds
  A rat (D:2)
21 creatures vanquished.

Notes
Turn   | Place    | Note
--------------------------------------------------------------
     0 | D:1      | Implojin the Troll Fighter began the quest for the Orb.
     0 | D:1      | Reached XP level 1. HP: 22/22 MP: 0/0
   164 | D:2      | Reached XP level 2. HP: 29/29 MP: 1/1
   187 | D:2      | Reached skill level 3 in Unarmed Combat
   277 | D:3      | Reached XP level 3. HP: 31/36 MP: 2/2
   363 | D:4      | Found a bloodstained altar of Trog.
   372 | D:4      | Noticed an ogre
   410 | D:4      | Noticed Implojin's ghost (weakling TrFi)
   414 | D:4      | Noticed an ogre
   417 | D:4      | Slain by an ogre

Action                   || total
-------------------------++-------
Melee: Unarmed           ||    96
  Use: Scroll            ||     2
       Potion            ||     1
 Stab: Sleeping          ||     1
  Eat: Chunk             ||     3

Table legend:
 A = Turns spent in this place as a percentage of turns spent in the entire game.
 B = Non-inter-level travel turns spent in this place as a percentage of non-inter-level travel turns spent in the entire game.
 C = Inter-level travel turns spent in this place as a percentage of turns spent in this place.
 D = Turns resting spent in this place as a percentage of non-inter-level travel turns spent in this place.
 E = Turns spent auto-exploring this place as a percentage of non-inter-level travel turns spent in this place.
 F = Non-inter-level travel turns spent in this place divided by the number of levels of this place that you've seen.
                   A       B       C       D       E      F
               +-------+-------+-------+-------+-------+----------------------
         Total | 100.0 | 100.0 |   0.0 |   0.0 |   0.0 | 103.5
       Dungeon | 100.0 | 100.0 |   0.0 |   0.0 |   0.0 | 103.5
               +-------+-------+-------+-------+-------+----------------------

Table legend:
 A = Kills in this place as a percentage of kills in entire the game.
 B = Kills by you in this place as a percentage of kills by you in the entire game.
 C = Kills by friends in this place as a percentage of kills by friends in the entire game.
 D = Other kills in this place as a percentage of other kills in the entire game.
 E = Experience gained in this place as a percentage of experience gained in the entire game.
 F = Experience gained in this place divided by the number of levels of this place that you have seen.
                   A       B       C       D       E      F
               +-------+-------+-------+-------+-------+----------------------
         Total | 100.0 | 100.0 |  -nan |  -nan | 100.0 |  15.8
       Dungeon | 100.0 | 100.0 |  -nan |  -nan | 100.0 |  15.8
               +-------+-------+-------+-------+-------+----------------------
